 Dungeon Crawl Stone Soup version 0.29.1-15-g9cfb28693d (webtiles) character file.

Game seed: 18325358905272012501

16 123deadman the Trooper (level 2, 0/33 HPs)
             Began as an Ogre Berserker on Mar 20, 2023.
             Was a Follower of Trog.
             Slain by a goblin
             ... wielding a +0 club
              (4 damage)
             ... on level 1 of the Dungeon.
             The game lasted 00:02:29 (288 turns).

123deadman the Trooper (Ogre Berserker)              Turns: 288, Time: 00:02:30

Health: 0/33       AC:  3    Str: 20    XL:     2   Next: 58%
Magic:  2/2        EV: 10    Int:  8    God:    Trog [*.....]
Gold:   17         SH:  0    Dex:  8    Spells: 1/1 levels left

rFire   . . .      SeeInvis .   a - +0 mace
rCold   . . .      Faith    .   (no shield)
rNeg    . . .      Spirit   .   b - +0 animal skin
rPois   .          Reflect  .   (helmet restricted)
rElec   .          Harm     .   (no cloak)
rCorr   .          Rampage  .   (gloves unavailable)
Will    .....                   (boots unavailable)
Stlth   +.........              (no amulet)
HPRegen 0.11/turn               (no ring)
MPRegen 0.08/turn               (no ring)

@: no status effects
A: large, unfitting armour, tough skin 1
a: Renounce Religion, Berserk


You were on level 1 of the Dungeon.
You worshipped Trog.
Trog was aware of your devotion.
You visited 1 branch of the dungeon, and saw 2 of its levels.

You collected 17 gold pieces.

Inventory:

Hand Weapons
 a - a +0 mace (weapon)
 d - a +0 dagger
 g - a +0 hand axe
Missiles
 e - 3 stones (quivered)
Armour
 b - a +0 animal skin (worn)


   Skills:
 + Level 4.4 Fighting
 + Level 3.0 Maces & Flails
 + Level 3.0 Dodging


You had one spell level left.
You didn't know any spells.
Your spell library contained the following spells:

 Spells                   Type           Power      Damage    Failure   Level
 Foxfire                  Conj/Fire      0%         2x1d4     41%         1
 Conjure Flame            Conj/Fire      0%         6-21      78%         3
 Inner Flame              Hex/Fire       0%         N/A       78%         3
 Flame Wave               Conj/Fire      0%         2d4       99%         4


Dungeon Overview and Level Annotations

Branches:
Dungeon (2/15)

Altars:


Innate Abilities, Weirdness & Mutations

You are too large for most types of armour.
You have tough skin. (AC +1)


Message History

There is a stone staircase leading up here.
You can't go down here!
The giant cockroach bites you but does no damage.
The goblin hits you but does no damage.
You climb upwards.
There is a stone staircase leading down here.
The giant cockroach attacks as you move away!
The giant cockroach bites you but does no damage.
The goblin barely misses you. The giant cockroach closely misses you.
The giant cockroach attacks as you move away!
The giant cockroach closely misses you.
Found a flail.
A frilled lizard comes into view.
Found 5 gold pieces.
The frilled lizard hisses angrily.
A kobold comes into view. It is wielding a +0 dagger.
A rat comes into view.
Why would you want to do that? Why would you want to do that?
A rat comes into view.
The kobold shouts!
The goblin closely misses you.
The kobold throws a stone.
The stone closely misses you. The goblin attacks as you move away!
The goblin hits you with a +0 club.
* * * LOW HITPOINT WARNING * * *
The rat barely misses you. The rat attacks as you move away!
The rat closely misses you. The goblin misses you.
The goblin attacks as you move away! The goblin hits you with a +0 club.
* * * LOW HITPOINT WARNING * * *
A frilled lizard comes into view.
The rat misses you. The frilled lizard barely misses you.
The goblin hits you with a +0 club.
* * * LOW HITPOINT WARNING * * *
The frilled lizard closely misses you.
The frilled lizard attacks as you move away!
The frilled lizard closely misses you. The goblin attacks as you move away!
The goblin hits you with a +0 club.
You die...

#..#####≈#≈###≈
#.>.....≈#≈≈≈≈≈
#######.~~~~~~≈
.........#.....
####.....# .)..
#.###B# ###
#.#.r.# # #lg.#
#.@.# ##.## ..#
####


You could see a giant cockroach, a goblin, a frilled lizard and a rat.

Vanquished Creatures
  An adder (D:2)
  2 endoplasms
  A goblin (D:2)
  A hobgoblin (D:1)
  A frilled lizard (D:1)
  A kobold (D:1)
  A rat (D:1)
8 creatures vanquished.

Notes
Turn   | Place    | Note
-------+----------+-------------------------------------------
     0 | D:1      | 123deadman the Ogre Berserker began the quest for the Orb.
     0 | D:1      | Reached XP level 1. HP: 24/24 MP: 1/1
   251 | D:2      | Reached XP level 2. HP: 17/32 MP: 2/2
   288 | D:1      | Slain by a goblin

Illustrated notes

Levels and vault maps discovered:
D:1:      lightli_arrival_quake, layout_basic,
          dreamdust_ecumenical_altar_angels_and_demons, minmay_crystal_water,
          st_stairs_8
D:2:      layout_rooms

Skill      XL: |  1  2 |
---------------+-------+-----
Maces & Flails | 3 |  3.0
Dodging        | 3 |  3.0
Fighting       | |  4.4

Action                   || total
-------------------------++-------
Melee: Mace              ||    25
Throw: Stone             ||     1
  Use: Scroll            ||     2
Armor: Animal skin       ||    22
Dodge: Dodged            ||    37
